 Dungeon Crawl Stone Soup version 0.30-a0-187-gd9c2deaf24 (webtiles) character file.

Game seed: 1757998338909943045

71 lunkers the Chopper (level 4, -4/31 (36) HPs)
             Began as a Meteoran Reaver on Oct 4, 2022.
             Slain by a river rat (6 damage)
             ... on level 3 of the Dungeon.
             The game lasted 00:03:05 (702 turns).

lunkers the Chopper (Meteoran Reaver)                Turns: 702, Time: 00:03:06

HP:   -4/31 (36)    AC:  5    Str: 15    XL:     4   Next: 75%
MP:   6/9           EV: 11    Int: 15    God:
Gold: 77            SH:  0    Dex: 12    Spells: 5/8 levels left

rFire   . . .      SeeInvis .    a - +0 hand axe
rCold   . . .      Faith    .    (no shield)
rNeg    . . .      Spirit   .    i - +0 ring mail
rPois   .          Reflect  .    (no helmet)
rElec   .          Harm     .    (no cloak)
rCorr   .          Rampage  .    (no gloves)
Will    .....                    (no boots)
Stlth   ..........               (no amulet)
HPRegen 0.25/turn                g - ring of wizardry
MPRegen 0.11/turn                (no ring)

@: attractive, glowing, heavily drained, very slow
A: sense surroundings 1, otherworldly, glowing, explore regen
a: no special abilities


You were on level 3 of the Dungeon.
You visited 1 branch of the dungeon, and saw 3 of its levels.

You collected 77 gold pieces.

Inventory:

Hand Weapons
 a - a +0 hand axe (weapon)
 h - a +3 short sword
Missiles
 c - 25 stones
Armour
 b - a +0 leather armour
 i - a +0 ring mail (worn)
Jewellery
 g - a ring of wizardry (left hand)
Scrolls
 e - a scroll of teleportation {unknown}
 f - a scroll of immolation {unknown}
 j - a scroll of amnesia {unknown}
 k - a scroll of blinking {unknown}
 l - a scroll of identify {unknown}
Potions
 d - 2 potions of attraction
 m - a potion of lignification {unknown}
 n - a potion of might {unknown}


   Skills:
 - Level 2.1 Fighting
 * Level 6.0 Axes
 - Level 2.4 Dodging
 - Level 2.6 Spellcasting
 - Level 3.6 Conjurations


You had 5 spell levels left.
You knew the following spells:

 Your Spells              Type           Power      Damage    Failure   Level
b - Momentum Strike       Conj/Tloc      14%        3d8       12%         2
p - Kiss of Death         Conj/Necr      28%        2d7       9%          1

Your spell library contained the following spells:

 Spells                   Type           Power      Damage    Failure   Level
 Hailstorm                Conj/Ice       7%         3d4       24%         3


Dungeon Overview and Level Annotations

Branches:
Dungeon (3/15) Zot: 1075

Altars:


Innate Abilities, Weirdness & Mutations

You passively map a small area around you.
You are easily found by Zot.
You glow in the dark.
You regain HP and MP as you explore.


Message History

You hit the worm.
The worm is almost dead.
The worm barely misses you.
You hit the worm.
The worm is almost dead.
The worm barely misses you.
You barely miss the worm.
The worm is almost dead.
You slash the worm!
You kill the worm!
You see here a worm corpse.
There is a stone staircase leading up here.
You enter the shallow water.
Moving in this stuff is going to be slow.
You see here an adder corpse.
A river rat comes into view.
Your unstable footing causes you to fumble your attack.
The river rat bites you.
* * * LOW HITPOINT WARNING * * *
Casting: Momentum Strike (safe; 12% risk of failure)
Confirm with . or Enter, or press ? or * to list all spells.
You can't see anything to charge at.
Unknown command.
Unknown command.
Casting: Momentum Strike (safe; 12% risk of failure)
Confirm with . or Enter, or press ? or * to list all spells.
You can't see anything to charge at.
Unknown command.
The river rat attacks as you move away! The river rat bites you.
* * * LOW HITPOINT WARNING * * *
The river rat bites you.
* * * LOW HITPOINT WARNING * * *
Casting: Momentum Strike (safe; 12% risk of failure)
Confirm with . or Enter, or press ? or * to list all spells.
You can't see anything to charge at.
Okay, then.
It was a potion of attraction.
You feel attractive to monsters. The river rat bites you.
You die...

* ###.#.#......# #~ ~#
#..........# #~ ~~
###.#.###### *~##~#
#...#.# # ~~#~#
#####.# #~##~#~#~ #.#
~~~#~#~ #.# ####~#~#
#.# #~†~@r~# ##.######
#~###########........
#~~~~~~~~~†....######
#####~#~#~~##...#
#..~~~~~.~.###..#
#....~.....###..#
#..........<..†.# **
###.#..########.###...
#...## #........#


You could see a river rat.

Vanquished Creatures
  A river rat (D:3)
  4 adders
  A worm (D:3)
  An orc (D:3)
  4 ball pythons
  4 bats
  An endoplasm (D:2)
  A goblin (D:1)
  2 hobgoblins
  A quokka (D:3)
  4 frilled lizards
  A kobold (D:2)
  3 rats
28 creatures vanquished.

Vanquished Creatures (others)
  A worm (D:3)
  A kobold (D:3)
  4 plants (D:2)
6 creatures vanquished.

Grand Total: 34 creatures vanquished

Notes
Turn   | Place    | Note
-------+----------+-------------------------------------------
     0 | D:1      | lunkers the Meteoran Reaver began the quest for the Orb.
     0 | D:1      | Reached XP level 1. HP: 17/17 MP: 5/5
   106 | D:1      | Reached skill level 4 in Axes
   106 | D:1      | Reached XP level 2. HP: 24/24 MP: 6/6
   117 | D:1      | Learned a level 2 spell: Momentum Strike
   290 | D:2      | Reached XP level 3. HP: 25/29 MP: 8/8
   300 | D:2      | Reached skill level 5 in Axes
   392 | D:2      | Reached XP level 4. HP: 25/36 MP: 9/9
   649 | D:3      | Reached skill level 6 in Axes
   702 | D:3      | Slain by a river rat

Illustrated notes

Levels and vault maps discovered:
D:1:      spicycebolla_green_bress_n_ham_2, layout_basic
D:2:      wad_woods_pond, layout_basic, basic_altar, uniq_crazy_yiuf_cottage,
          uniq_natasha
D:3:      layout_loops_ring, lightli_sewer_entry_pipes, uniq_sigmund

Skill      XL: |  1  2  3  4 |
---------------+-------------+-----
Axes           | 4 5 6 |  6.0
Fighting       | |  2.1
Dodging        | |  2.4
Spellcasting   | |  2.6
Conjurations   | |  3.6

Action                   |  1- 3 |  4- 6 || total
-------------------------+-------+-------++-------
Melee: Hand axe          |    49 |    49 ||    98
 Cast: Momentum Strike   |       |    10 ||    10
       Kiss of Death     |       |     1 ||     1
  Use: Potion            |       |     1 ||     1
Armor: Leather armour    |    19 |       ||    19
       Ring mail         |    10 |    15 ||    25
Dodge: Dodged            |    23 |    19 ||    42

Table legend: (Time is in decaauts)
 A = Elapsed time spent in this place.
 B = Non-inter-level travel time spent in this place.
 C = Inter-level travel time spent in this place.
 D = Time resting spent in this place.
 E = Time spent auto-exploring this place.
 F = Levels seen in this place.
 G = Mean time per level.
                   A        B        C        D        E       F      G
               +--------+--------+--------+--------+--------+-----+--------+
         Total |    724 |    707 |     17 |      0 |    242 |   3 |  241.3 |
       Dungeon |    724 |    707 |     17 |      0 |    242 |   3 |  241.3 |
               +--------+--------+--------+--------+--------+-----+--------+

Top non-repeatable levels by time:
     D:3: 270 daAuts
     D:1: 256 daAuts
     D:2: 196 daAuts
